 Dungeon Crawl Stone Soup version 0.30.0-5-g1a98f26d00 (webtiles) character file.

Game seed: 12805800361972592345

22922 SnakkuSnakku7 the Martial Artist (level 13, -2/70 HPs)
             Began as a Vine Stalker Fire Elementalist on May 13, 2023.
             Killed from afar by an oklob plant (23 damage)
             ... with a splash of acid
             ... on level 2 of the Lair of Beasts.
             The game lasted 00:16:41 (9481 turns).

SnakkuSnakku7 the Martial Artist (VSFE)             Turns: 9481, Time: 00:16:41

Health: -2/70      AC:  9    Str: 15    XL:     13   Next: 3%
Magic:  0/17       EV:  8    Int: 15    God:
Gold:   542        SH: 14    Dex: 16    Spells: 15/16 levels left

rFire   . .          .
                       - Unarmed
rCold   + + .        K - +2 kite shield {AC+3}
rNeg    . . .        P - +0 ice dragon scales
rPois   +            z - +0 helmet
rElec   .            H - +1 cloak {rPois}
rCorr   .            f - +0 pair of gloves
SInv    .            c - +0 pair of boots {rampage}
Will    +....        F - amulet of regeneration
Stlth   +            a - ring of protection from fire
HPRegen 1.91/turn    U - +4 ring of protection
MPRegen 0.15/turn

%: guardian spirit, rampage
@: corroded
A: fangs 3, regeneration 1, magic shield, antimagic bite, no potion heal 2
a: no special abilities


You were on level 2 of the Lair of Beasts.
You visited 2 branches of the dungeon, and saw 13 of its levels.

You collected 1402 gold pieces.
You spent 860 gold pieces at shops.

Inventory:

Armour
 c - a +0 pair of boots of rampaging (worn)
 f - a +0 pair of gloves (worn)
 z - a +0 helmet (worn)
 E - the +2 tower shield of the Last Leylines {rC+ rCorr}
   (You found it on level 9 of the Dungeon)

   rC:        It protects you from cold.
   rCorr:     It protects you from acid and corrosion.
 H - a +1 cloak of poison resistance (worn)
 K - a +2 kite shield of protection (worn)
 O - a +0 chain mail
 P - +0 ice dragon scales (worn)
 R - a +0 cloak of willpower
Jewellery
 a - a ring of protection from fire (left hand)
 m - a ring of magical power
 F - an amulet of regeneration (around neck)
 S - a ring of poison resistance
 U - a +4 ring of protection (right hand)
Wands
 g - a wand of digging (3)
 C - a wand of paralysis (9)
 D - a wand of mindburst (3)
 I - a wand of acid (5)
 N - a wand of iceblast (7)
 X - a wand of flame (9)
Scrolls
 h - 3 scrolls of acquirement {unknown}
 i - 4 scrolls of fog {unknown}
 j - 12 scrolls of identify {unknown}
 k - 3 scrolls of blinking {unknown}
 n - 3 scrolls of enchant weapon {unknown}
 o - 4 scrolls of poison {unknown}
 q - 3 scrolls of enchant armour {unknown}
 r - 9 scrolls of teleportation {unknown}
 s - 3 scrolls of noise {unknown}
 t - 2 scrolls of magic mapping {unknown}
 v - 2 scrolls of immolation {unknown}
 x - 2 scrolls of vulnerability {unknown}
 y - 3 scrolls of amnesia {unknown}
 B - a scroll of silence {unknown}
 J - a scroll of butterflies {unknown}
Potions
 b - a potion of magic
 d - 6 potions of curing {unknown}
 e - 2 potions of haste {unknown}
 l - 5 potions of lignification {unknown}
 p - a potion of resistance {unknown}
 u - 4 potions of heal wounds {unknown}
 w - 2 potions of mutation {unknown}
 A - 2 potions of attraction {unknown}
 G - 2 potions of flight {unknown}
 L - a potion of brilliance {unknown}
 M - a potion of degeneration {unknown}
 T - 8 potions of ambrosia
 V - a potion of invisibility {unknown}
 W - a potion of might {unknown}
Miscellaneous
 Q - a tin of tremorstones (2/2)


   Skills:
 + Level 9.2 Fighting
 - Level 1.5 Dodging
 - Level 2.4 Stealth
 - Level 12.0 Shields
 - Level 12.3 Unarmed Combat
 - Level 2.1 Spellcasting
 - Level 1.0 Conjurations
 - Level 3.0 Fire Magic
 - Level 6.0 Evocations


You had 15 spell levels left.
You knew the following spells:

 Your Spells              Type           Power      Damage    Failure   Level
a - Foxfire               Conj/Fire      28%        2x1d5     75%         1

Your spell library contained the following spells:

 Spells                   Type           Power      Damage    Failure   Level
 Scorch                   Fire           20%        2d6       75%         2
 Apportation              Tloc           2%         N/A       95%         1
 Momentum Strike          Conj/Tloc      6%         3d8       97%         2
 Blink                    Tloc           2%         N/A       98%         2
 Lesser Beckoning         Tloc           2%         N/A       98%         2
 Hailstorm                Conj/Ice       3%         3d3       99%         3
 Inner Flame              Hex/Fire       6%         N/A       99%         3
 Volatile Blastmotes      Fire/Tloc      12%        2d11      99%         3
 Call Canine Familiar     Summ           1%         N/A       100%        3
 Gell's Gravitas          Tloc           1%         N/A       100%        3
 Portal Projectile        Hex/Tloc       2%         N/A       100%        3
 Teleport Other           Tloc           1%         N/A       100%        3
 Tukima's Dance           Hex            1%         N/A       100%        3
 Flame Wave               Conj/Fire      7%         2d5       100%        4
 Ice Form                 Ice/Tmut       1%         N/A       100%        4
 Leda's Liquefaction      Hex/Erth       0%         N/A       100%        4
 Passage of Golubria      Tloc           1%         N/A       100%        4
 Alistair's Intoxication  Tmut/Pois      0%         N/A       100%        5
 Yara's Violent Unravell  Hex/Tmut       0%         3d3       100%        5
 Dispersal                Tloc           0%         N/A       100%        6
 Simulacrum               Ice/Necr       0%         N/A       100%        6
 Enfeeble                 Hex            0%         N/A       100%        7


Dungeon Overview and Level Annotations

Branches:
Dungeon (10/15)            Temple (0/1) D:7            Lair (3/5) D:8
 Shoals (0/4) Lair:3
  Snake: Lair:2-3    Spider: Lair:2-3       Orc: D:9-12

Altars:
Ashenzari
Dithmenos
Gozag
Hepliaklqana
Okawaru
Sif Muna
Vehumet
Xom

Shops:
D:2 =   D:6 =   D:7 [

Portals:
Trove: D:10 (give +8 demon whip)

Annotations:
Lair:2 exclusion: oklob plant


Innate Abilities, Weirdness & Mutations

You have razor-sharp teeth.
Your natural rate of healing is unusually fast.
When hurt, damage is shared between your health and your magic reserves.
Your bite disrupts and absorbs the magic of your enemies.
Potions cannot restore your health.


Message History

You hit the oklob plant but do no damage.
You bite the oklob plant, but do no damage.
The oklob plant is severely damaged.
You are no longer corroded.
The oklob plant spits acid at you. The splash of acid hits you!!
You hit the oklob plant.
You bite the oklob plant, but do no damage.
The oklob plant is severely damaged.
The oklob plant spits acid at you. The splash of acid hits you!!
You hit the oklob plant but do no damage.
The oklob plant is severely damaged.
You hit the oklob plant.
You bite the oklob plant, but do no damage.
The oklob plant is almost destroyed.
The oklob plant spits acid at you.
The splash of acid hits you but does no damage.
The acid corrodes you!
You hit the oklob plant.
You bite the oklob plant, but do no damage.
The oklob plant is almost destroyed.
You hit the oklob plant.
You bite the oklob plant, but do no damage.
The oklob plant is almost destroyed.
The oklob plant spits acid at you. The splash of acid hits you!!
The acid corrodes you!
You hit the oklob plant but do no damage.
You bite the oklob plant, but do no damage.
The oklob plant is almost destroyed.
The oklob plant spits acid at you. The splash of acid hits you.
* * * LOW HITPOINT WARNING * * *
The acid corrodes you!
You hit the oklob plant but do no damage.
You bite the oklob plant, but do no damage.
The oklob plant is almost destroyed.
The oklob plant spits acid at you. The splash of acid hits you!!
You die...

........# ........#
........## ...
.........# .... ##
#.#.#.#..#
....##$##########..#
........##??[..#...#
........##...##.#..#
.........#P@$####.##
........###### ...
.......<### ...#
....#.#...# ..## .
#. #...# #... ..
#...# .# .^ #....#
.. .........
..............


You could see an oklob plant.

Vanquished Creatures
  Gastronok (Lair:2)
  Fannar (Lair:3)
  A hydra (D:9)
  3 two-headed ogres (D:9)
  Erica (D:8)
  A skyshark (Lair:3)
  An ugly thing (D:9)
  Maurice (D:10)
  3 elephants (Lair:3)
  2 cyclopes (D:9)
  A black mamba (Lair:3)
  2 torpor snails
  2 cane toads
  A rime drake (Lair:3)
  A komodo dragon (Lair:2)
  2 trolls
  A queen bee (D:10)
  2 hornets
  3 dream sheep (Lair:2)
  A vampire (D:9)
  20 yaks
  2 wraiths (D:9)
  A wyvern (Lair:3)
  The ghost of trckry the Sneak, an amateur DsWn (D:2)
  A steam dragon (D:10)
  7 water moccasins
  3 orc warriors
  2 ice beasts
  3 ogres
  17 wolves
  10 centaurs
  A phantom (D:4)
  5 kobold brigands
  4 bullfrogs
  A gnoll sergeant (D:9)
  4 scorpions
  A water moccasin zombie (D:3)
  12 wights
  33 killer bees
  2 howler monkeys (D:9)
  3 hounds (D:6)
  2 jellies (D:5)
  4 orc priests
  4 gnoll boudas
  2 sleepcaps
  4 iguanas
  10 orc wizards
  4 hell rats (Lair:1)
  A killer bee zombie (D:3)
  17 gnolls
  8 adders
  3 shadow imps
  3 white imps
  A dart slug (D:2)
  32 orcs
  3 bats
  6 endoplasms
  5 giant cockroaches
  11 goblins
  16 hobgoblins
  2 jackals (D:3)
  29 kobolds
  7 quokkas
  8 ball pythons
  4 frilled lizards
  2 rats
352 creatures vanquished.

Vanquished Creatures (others)
  10 foxfires
10 creatures vanquished.

Grand Total: 362 creatures vanquished

Notes
Turn   | Place    | Note
-------+----------+-------------------------------------------
     0 | D:1      | SnakkuSnakku7 the Vine Stalker Fire Elementalist began the
                  | quest for the Orb.
     0 | D:1      | Reached XP level 1. HP: 9/9 MP: 4/4
     2 | D:1      | Noticed a minotaur skeleton
   133 | D:1      | Reached skill level 1 in Unarmed Combat
   133 | D:1      | Reached XP level 2. HP: 13/14 MP: 4/6
   147 | D:1      | Reached skill level 1 in Fighting
   430 | D:1      | Reached XP level 3. HP: 16/18 MP: 7/7
   481 | D:2      | Found Isha's Jewellery Emporium.
   835 | D:2      | Gained mutation: Your natural rate of healing is unusually
                  | fast. [Vine Stalker growth]
   835 | D:2      | Reached XP level 4. HP: 22/23 MP: 5/8
  1704 | D:3      | Reached XP level 5. HP: 23/27 MP: 4/9
  1710 | D:3      | Found a runed translucent gate.
  1710 | D:3      | Found a runed translucent gate.
  1710 | D:3      | Found a runed translucent gate.
  1711 | D:3      | Noticed trckry's ghost (amateur DsWn)
  1970 | D:2      | Killed trckry's ghost
  1971 | D:2      | Reached XP level 6. HP: 32/32 MP: 10/10
  2163 | D:4      | Reached skill level 5 in Unarmed Combat
  2163 | D:4      | Reached XP level 7. HP: 32/37 MP: 9/11
  2510 | D:4      | Gained mutation: You have razor-sharp teeth. [Vine Stalker
                  | growth]
  2510 | D:4      | Reached XP level 8. HP: 39/42 MP: 9/12
  2719 | D:5      | Entered Level 5 of the Dungeon
  2810 | D:5      | Noticed a hornet
  3066 | D:5      | Found a shimmering altar of Xom.
  3067 | D:5      | Found an iron altar of Okawaru.
  3067 | D:5      | Found a shimmering blue altar of Sif Muna.
  3337 | D:5      | Found a broken altar of Ashenzari.
  3339 | D:5      | Found a radiant altar of Vehumet.
  3340 | D:5      | Found an opulent altar of Gozag.
  3437 | D:6      | Found Exikku's Jewellery Boutique.
  3723 | D:6      | Found a hazy altar of Hepliaklqana.
  3958 | D:6      | Found a shadowy altar of Dithmenos.
  4043 | D:5      | Killed a hornet
  4044 | D:5      | Reached skill level 10 in Unarmed Combat
  4044 | D:5      | Reached XP level 9. HP: 45/45 MP: 13/13
  4139 | D:7      | Found a staircase to the Ecumenical Temple.
  4158 | D:7      | Found Muajeoroge's Antique Armour Shop.
  4177 | D:7      | Bought a glowing cloak for 232 gold pieces
  5115 | D:7      | Bought a glowing kite shield for 232 gold pieces
  5213 | D:8      | Noticed Erica
  5264 | D:8      | Killed Erica
  5265 | D:8      | Reached XP level 10. HP: 34/49 MP: 9/14
  5331 | D:8      | Reached skill level 5 in Shields
  5967 | D:8      | Found a staircase to the Lair.
  6614 | D:9      | Noticed a two-headed ogre
  6628 | D:9      | Killed a two-headed ogre
  6651 | D:9      | Reached XP level 11. HP: 53/53 MP: 15/15
  6721 | D:9      | Noticed a two-headed ogre
  6722 | D:9      | Noticed a white ugly thing
  6736 | D:9      | Killed a white ugly thing
  6738 | D:9      | Noticed a cyclops
  6739 | D:9      | Killed a two-headed ogre
  6740 | D:9      | Reached skill level 10 in Shields
  6772 | D:9      | Killed a cyclops
  6778 | D:9      | Noticed a two-headed ogre
  6794 | D:9      | Killed a two-headed ogre
  6802 | D:9      | Noticed a six-headed hydra
  6812 | D:9      | Killed a six-headed hydra
  6813 | D:9      | Noticed a cyclops
  6834 | D:9      | Killed a cyclops
  6858 | D:9      | Identified the +2 tower shield of the Last Leylines {rC+
                  | rCorr}
  6870 | D:9      | Identified the +1 robe of Bafiem {+Blink rN+++ Slay-6}
  7136 | D:10     | Entered Level 10 of the Dungeon
  7236 | D:10     | Found a portal to a secret trove of treasure.
  7321 | D:10     | Noticed Maurice
  7352 | D:10     | Killed Maurice
  7782 | D:10     | Reached skill level 5 in Fighting
  7848 | D:10     | Reached XP level 12. HP: 60/60 MP: 16/16
  8084 | D:2      | Bought a +4 ring of protection for 396 gold pieces
  8266 | Lair:1   | Entered Level 1 of the Lair of Beasts
  8849 | Lair:2   | You fall into a shaft and drop 1 floor!
  8966 | Lair:3   | Noticed a skyshark
  8977 | Lair:3   | Killed a skyshark
  9047 | Lair:3   | Found a staircase to the Shoals.
  9056 | Lair:3   | Reached skill level 1 in Evocations
  9145 | Lair:2   | Noticed Fannar
  9201 | Lair:3   | Killed Fannar
  9313 | Lair:2   | Reached skill level 5 in Evocations
  9355 | Lair:2   | Noticed Gastronok
  9378 | Lair:2   | Killed Gastronok
  9379 | Lair:2   | Reached XP level 13. HP: 70/70 MP: 17/17
  9481 | Lair:2   | Killed from afar by an oklob plant

Illustrated notes

Levels and vault maps discovered:
D:1:      shiori_arrival_whats_in_store_for_you, layout_rooms
D:2:      cheibrodos_helix_gallery, layout_basic, serial_shops, shop,
          serial_corexii_hall, corexii_hall_statues_u, corexii_hall_statues_x
D:3:      layout_rooms, gammafunk_ghost_necromancy
D:4:      minmay_skewed_foursquare, layout_rooms, minmay_misc_feat_diagonals,
          st_stairs_1
D:5:      layout_basic, grunt_temple_overflow_open, grunt_ministairs_9
D:6:      layout_loops_cross, nicolae_hepliaklqana_hazy_memory,
          grunt_dithmenos_shadows, serial_shops, shop,
          kennysheep_big_empty_room, nicolae_figureground_sparkle
D:7:      kennysheep_housing_project, layout_loops_cross,
          minmay_temple_entry_hall, serial_shops,
          nicolae_shop_competitors_out_of_business
D:8:      layout_loops_ring, lair_entry_dummy, hangedman_decor_diamond_cutter,
          uniq_erica
D:9:      minmay_the_grid_triangle_9x9_rhombus_full
          [minmay_the_grid_triangle_9x9_dagger,
          minmay_the_grid_triangle_9x9_impossible_snake,
          minmay_the_grid_triangle_9x9_corruption,
          minmay_the_grid_triangle_9x9_zippers_vertical,
          minmay_the_grid_triangle_9x9_sprig,
          minmay_the_grid_triangle_9x9_odd_lines,
          minmay_the_grid_triangle_9x9_negative_grid,
          minmay_the_grid_triangle_9x9_prize_top_heavy], layout_irregular_city
D:10:     layout_rooms, enter_trove_6, special_room [special_room_bee],
          chequers_mini_garden, uniq_maurice
Lair:1:   layout_hall_layers
Lair:2:   layout_chaotic_city, minmay_lair_oklob_items, uniq_gastronok,
          uniq_fannar
Lair:3:   layout_long_grid, minmay_shoals_entry_centaurs, spider_nest_entry_a,
          st_stairs_11, lemuel_fruit_fields

Skill      XL: |  1  2  3  4  5  6  7  8  9 10 11 12 |
---------------+-------------------------------------+-----
Unarmed Combat | 1 2 3 5 7 10 12 | 12.3
Fighting       | 1 2 3 4 5 9 |  9.2
Shields        | 4 8 12 | 12.0
Evocations     | 6 |  6.0
Dodging        | |  1.5
Stealth        | |  2.4
Spellcasting   | |  2.1
Conjurations   | |  1.0
Fire Magic     | |  3.0

Action                     |  1- 3 |  4- 6 |  7- 9 | 10-12 | 13-15 || total
---------------------------+-------+-------+-------+-------+-------++-------
  Melee: Unarmed           |   105 |   181 |   400 |   893 |    28 ||  1607
         Bite              |    21 |    48 |   133 |   334 |    15 ||   551
         Punch             |     1 |     2 |    26 |       |       ||    29
  Throw: Dart              |       |       |       |     1 |       ||     1
         Throwing net      |       |       |       |     1 |       ||     1
   Cast: Foxfire           |     4 |       |     1 |       |       ||     5
  Evoke: Wand              |       |       |     1 |    10 |       ||    11
   Stab: Sleeping          |     8 |     3 |     2 |       |       ||    13
         Paralysed         |       |       |     5 |    11 |       ||    16
 Armour: Robe              |    17 |     5 |       |       |       ||    22
         Ring mail         |       |    70 |   171 |    62 |       ||   303
         Ice dragon scales |       |       |       |   401 |     3 ||   404
  Dodge: Dodged            |    66 |    88 |   222 |   244 |     1 ||   621
  Block: Kite shield       |       |       |    14 |   731 |     5 ||   750
